 Dungeon Crawl Stone Soup version 0.25-a0-302-g9f758675c1 (webtiles) character file.

Game seed: 5657769243281011771, levelgen mode: deterministic

332 DerDa the Firebug (level 6, -5/37 HPs)
             Began as an Octopode Fire Elementalist on Dec 20, 2019.
             Slain by an iguana (15 damage)
             ... on level 4 of the Dungeon.
             The game lasted 00:09:00 (3128 turns).

DerDa the Firebug (Octopode Fire Elementalist)      Turns: 3128, Time: 00:09:01

Health: -5/37      AC:  1    Str:  8    XL:     6   Next: 52%
Magic:  3/11       EV: 13    Int: 19    God:
Gold:   279        SH:  0    Dex: 12    Spells: 11/12 levels left

rFire    x . .     SeeInvis .   w - +1 short sword (freeze)
rCold    + . .     Gourm    .   (no shield)
rNeg     . . .     Faith    .   (helmet restricted)
rPois    .         Spirit   .   (no amulet)
rElec    .         Reflect  .   k - ring of ice
rCorr    .         Harm     .   (no ring)
MR       .....                  (no ring)
Stlth    +++.......             (no ring)
HPRegen  0.12/turn              (no ring)
MPRegen  0.12/turn              (no ring)
                                (no ring)
                                (no ring)

@: no status effects
A: almost no armour, stealthy swim, amphibious, 8 rings, constrict 8, camouflage
1, gelatinous body 1
a: no special abilities


You were on level 4 of the Dungeon.
You were not hungry.

You visited 1 branch of the dungeon, and saw 5 of its levels.

You collected 279 gold pieces.

Inventory:

Hand Weapons
 c - a +0 whip
 g - a +0 hunting sling
 w - a +1 short sword of freezing (weapon)
Missiles
 e - 96 arrows
 j - 87 stones (quivered)
Armour
 s - a +0 buckler
Magical Staves
 z - an uncursed staff of cold {unknown}
Jewellery
 k - a ring of ice (left tentacle)
 A - an uncursed amulet of the acrobat {unknown}
Wands
 t - a wand of disintegration (4)
Scrolls
 a - 5 scrolls of identify {unknown}
 d - 3 scrolls of teleportation {unknown}
 p - a scroll of amnesia {unknown}
 q - 2 scrolls of remove curse {unknown}
 u - a scroll of noise {unknown}
 v - a scroll of fear {unknown}
 x - a scroll of magic mapping {unknown}
 y - a scroll of immolation {unknown}
Potions
 h - 2 potions of curing {unknown}
 i - 3 potions of flight {unknown}
 l - 2 potions of agility {unknown}
 m - a potion of ambrosia {unknown}
 n - a potion of resistance {unknown}
 o - 2 potions of degeneration {unknown}
 r - a potion of heal wounds {unknown}
 B - a potion of magic {unknown}
Comestibles
 b - 5 rations


   Skills:
 + Level 0.5 Fighting
 + Level 0.3 Short Blades
 + Level 0.4 Maces & Flails
 + Level 2.5 Dodging
 + Level 3.6 Stealth
 + Level 3.6 Spellcasting
 + Level 2.8 Conjurations
 + Level 4.6 Fire Magic


You had 11 spell levels left.
You knew the following spells:

 Your Spells              Type           Power        Failure   Level  Hunger
a - Foxfire               Conj/Fire      ###.         3%          1    None

Your spell library contained the following spells:

 Spells                   Type           Power        Failure   Level  Hunger
 Conjure Flame            Conj/Fire      ###.....     9%          3    ###....
 Inner Flame              Hex/Fire       ##......     16%         3    ###....
 Sticky Flame             Conj/Fire      ###.....     30%         4    ####...
 Fireball                 Conj/Fire      ###.......   63%         5    ######.


Dungeon Overview and Level Annotations

Branches:
Dungeon (5/15)
 Temple: D:4-7

Altars:
Cheibriados
Fedhas
Gozag
The Shining One


Innate Abilities, Weirdness & Mutations

You cannot wear most types of armour.
You are very stealthy in the water. (Stealth+)
You are amphibious.
You can wear up to eight rings at the same time.
You can use your tentacles to constrict eight enemies at once.
Your skin changes colour to match your surroundings (Stealth+).
Your rubbery body absorbs attacks. (AC +1, EV +1)


Message History

The orc wizard mumbles some strange words.
The orc wizard blinks!
The orc priest begins to cast a cantrip, but forgets the words!
Unknown command.
The foxfire hits the iguana.
The iguana is heavily wounded.
The foxfire hits the iguana.
The iguana is severely wounded.
The foxfire hits the iguana.
The iguana is almost dead.
The iguana bites you!
* * * LOW HITPOINT WARNING * * *
The orc wizard gestures wildly while chanting.
The orc wizard seems to speed up.
You climb upwards.
There is a stone staircase leading down here.
Casting: Foxfire (safe; 3% risk of failure)
Confirm with . or Enter, or press ? or * to list all spells.
You conjure some foxfire!
The iguana bites you!
You die...

...................#..#
...................'..#
#'##+#####...##...##..#
..##....##...##...##..#
....).........#....#..#
.)..........<.'....#..#
..##########.###..##..#
..###...####.###.v##..#
....#......#....@l.>..#
....#......'....v.....#
....#......#..........#
...#########'###..##..#
...##.....##..##..##..#
#####.....#...........#
..........#...........#
..........##..##.###..#
..........##..##.###..#


You could see an iguana.

Vanquished Creatures
  A hound (D:4)
  An orc wizard (D:4)
  Jessica (D:2)
  3 worker ants (D:4)
  A howler monkey skeleton (D:4)
  6 adders
  4 oozes
  A worm (D:2)
  6 leopard geckos
  14 orcs
  3 giant cockroaches
  4 hobgoblins
  3 jackals (D:3)
  5 kobolds
  A ball python (D:2)
  6 bats
  5 frilled lizards
  4 goblins
  A quokka skeleton (D:4)
  12 rats
82 creatures vanquished.

Vanquished Creatures (others)
  224 foxfires
224 creatures vanquished.

Grand Total: 306 creatures vanquished

Notes
Turn   | Place    | Note
-------+----------+-------------------------------------------
     0 | D:1      | DerDa the Octopode Fire Elementalist began the quest for
                  | the Orb.
     0 | D:1      | Reached XP level 1. HP: 11/11 MP: 3/3
   104 | D:1      | Reached XP level 2. HP: 17/17 MP: 1/5
   394 | D:1      | Reached XP level 3. HP: 21/21 MP: 3/6
  1117 | D:2      | Noticed Jessica
  1127 | D:2      | Killed Jessica
  1127 | D:2      | Reached XP level 4. HP: 27/27 MP: 1/7
  1315 | D:2      | Found a snail-covered altar of Cheibriados.
  1319 | D:2      | Found a glowing golden altar of the Shining One.
  1511 | D:3      | Found a blossoming altar of Fedhas.
  1557 | D:3      | Found an opulent altar of Gozag.
  1853 | D:3      | Reached XP level 5. HP: 31/31 MP: 6/9
  2002 | D:3      | Reached skill level 4 in Fire Magic
  2459 | D:4      | Reached XP level 6. HP: 36/36 MP: 8/11
  3114 | D:5      | Entered Level 5 of the Dungeon
  3128 | D:4      | Slain by an iguana

Levels and vault maps discovered:
D:1:      dpeg_arrival_simpleton_c, layout_basic
D:2:      layout_basic, minitemple, uniq_jessica
D:3:      layout_loops_ring, old_standard_altar, grunt_decor_resistance,
          grunt_ministairs_2, grunt_gozag_breadcrumbs
D:4:      layout_gridville, first_ration
D:5:      layout_rooms, chequers_serial_rivers_marsh

Skill      XL: |  1  2  3  4  5 |
---------------+----------------+-----
Stealth        | 3 |  3.6
Conjurations   | 2 |  2.8
Spellcasting   | 3 |  3.6
Fire Magic     | 4 |  4.6
Fighting       | |  0.5
Short Blades   | |  0.3
Maces & Flails | |  0.4
Dodging        | |  2.5

Action                   |  1- 3 |  4- 6 || total
-------------------------+-------+-------++-------
Melee: Whip              |     8 |    16 ||    24
       Constrict         |     3 |    12 ||    15
       Tentacles         |     3 |     6 ||     9
       Short sword       |       |    24 ||    24
 Cast: Foxfire           |    44 |    85 ||   129
 Stab: Sleeping          |       |     1 ||     1
  Eat: Chunk             |     1 |     6 ||     7
Armor: Skin              |       |     1 ||     1
Dodge: Dodged            |     6 |    29 ||    35

Table legend:
 A = Non-vault XP
 B = Vault XP
 C = Vault XP percentage of total XP
 D = Non-vault monster count
 E = Vault monster count
 F = Vault count percentage of total count
                 A         B        C        D         E       F
            +---------+---------+-------+---------+---------+-------
      Total |     436 |      39 |   8.2 |      79 |       3 |   3.7
            +---------+---------+-------+---------+---------+-------
        D:1 |      38 |       0 |   0.0 |      22 |       0 |   0.0
        D:2 |      56 |      37 |  39.8 |      16 |       1 |   5.9
        D:3 |      51 |       2 |   3.8 |      19 |       2 |   9.5
        D:4 |     291 |       0 |   0.0 |      22 |       0 |   0.0
            +---------+---------+-------+---------+---------+-------
